Map: Eastwatch LE

Players

strelok - Winner!

  • Race: Terran Terran
  • League: Silver
  • Spawn Location: 1:00

Rektum

  • Race: Protoss Protoss
  • Spawn Location: 7:00

VOD

Have the link to the VOD?

Description

Time

  • Played on: Jan. 27, 2018, 1:39 p.m.
  • Length: 27:30
Show
View Real Time Build Order
Export as new Build Order

strelok Terran - Winner!

Build Orders:  

Get SALT Encoding   

  12  0:18  Supply Depot  
  12  0:22  SCV  
  13  0:34  SCV  
  14  0:46  SCV  
  14  0:49  Barracks  
  15  0:58  SCV  
  16  1:05  Supply Depot  
  16  1:10  SCV  
  17  1:14  Refinery  
  17  1:19  Refinery  
  17  1:23  SCV  
  18  1:26  Engineering Bay  
  18  1:49  Marine  
  19  2:07  Marine  
  20  2:14  Missile Turret  
  20  2:19  Factory  
  20  2:25  Marine  
  21  2:38  Missile Turret  
  21  2:42  Marine  
  22  3:00  Marine  
  22  3:04  Supply Depot  
  23  3:05  Factory Tech Lab  
  23  3:18  Marine  
  23  3:19  Starport  
  24  3:32  Orbital Command  
  24  3:36  Marine  
  25  3:46  Siege Tank  
  28  3:54  Marine  
  29  3:59  Starport Tech Lab  
  29  4:07  SCV  
  30  4:11  Marine  
  31  4:19  SCV  
  32  4:28  Siege Tank  
  32  4:29  Marine  
  36  4:31  SCV  
  37  4:41  Viking  
  39  4:56  Supply Depot  
  39  5:18  Siege Tank, SCV, Marine  
  44  5:27  Missile Turret  
  44  5:33  Viking  
  46  6:05  Command Center  
  46  6:17  Fusion Core  
  46  6:39  Supply Depot  
  46  6:43  Marine  
  47  7:00  SCV, Viking, Marine  
  51  7:09  Supply Depot  
  51  7:18  Armory  
  51  7:25  Orbital Command  
  48  7:37  Siege Tank  
  50  8:10  SCV  
  51  8:19  Refinery  
  51  8:38  Battlecruiser  
  57  8:46  Terran Ship Weapons Level 1  
  57  8:57  Starport  
  57  9:01  Siege Tank  
  60  9:08  Missile Turret  
  60  9:10  SCV  
  61  9:23  SCV  
  62  9:37  Starport Tech Lab, Supply Depot  
  62  9:50  Battlecruiser  
  68  10:02  Refinery  
  68  10:03  SCV  
  69  10:15  SCV  
  70  11:03  Battlecruiser  
  76  11:05  Battlecruiser  
  76  11:07  Terran Vehicle And Ship Armor Level 1  
  82  11:13  SCV  
  83  11:33  SCV  
  84  11:50  Supply Depot  
  84  11:57  Supply Depot  
  84  12:11  Missile Turret  
  84  12:12  Siege Tank  
  84  12:13  Battlecruiser  
  93  12:19  Battlecruiser  
  99  12:30  Supply Depot  
  99  12:33  Supply Depot  
  99  12:44  Siege Tank  
  102  13:20  Battlecruiser  
  102  13:22  Terran Ship Weapons Level 2  
  102  13:26  Battlecruiser  
  114  13:31  Supply Depot  
  114  14:02  Supply Depot  
  114  14:25  Battlecruiser  
  114  14:30  Battlecruiser  
  125  16:26  Battlecruiser  
  125  16:28  Battlecruiser  
  125  16:30  Terran Vehicle And Ship Armor Level 2  
  137  16:47  Command Center  
  137  17:47  Missile Turret  
  149  17:58  Battlecruiser x2  
  149  17:59  Supply Depot  
  149  18:07  Supply Depot  
  149  18:13  Bunker  
  149  18:19  Bunker  
  149  18:24  Missile Turret  
  149  18:25  SCV  
  150  18:37  SCV  
  151  18:49  SCV  
  152  18:55  Refinery  
  152  18:58  Refinery  
  152  19:01  SCV, Missile Turret  
  153  19:09  Missile Turret  
  153  19:13  SCV  
  154  19:56  Viking  
  156  20:00  Viking  
  158  20:13  Terran Ship Weapons Level 3  
  158  20:26  Viking  
  160  20:30  Viking  
  162  20:38  Missile Turret  
  162  20:46  Weapon Refit  
  162  20:55  Supply Depot  
  162  20:56  Viking  
  164  20:59  Supply Depot  
  164  21:00  Viking  
  166  21:52  Viking  
  168  21:55  Viking  
  170  22:02  Supply Depot  
  170  22:06  Supply Depot  
  170  22:22  Viking  
  172  22:25  Viking  
  174  23:04  Orbital Command  
  174  24:09  Terran Vehicle And Ship Armor Level 3  
  174  25:27  Battlecruiser  
  180  25:29  Battlecruiser  
Show
View Real Time Build Order
Export as new Build Order

Rektum Protoss 

Build Orders: Blink Stalkers 

Get SALT Encoding   

  12  0:10  Pylon  
  12  0:29  Gateway  
  12  0:35  Assimilator  
  12  0:41  Probe  
  12  0:42  Assimilator  
  13  1:28  Cybernetics Core  
  13  1:32  Probe (Chrono Boost)  
  14  1:44  Probe (Chrono Boost)  
  15  1:49  Probe (Chrono Boost)  
  16  1:56  Pylon  
  16  1:59  Probe  
  17  2:08  Warp Gate  
  17  2:11  Probe  
  17  2:13  Stalker  
  20  2:19  Gateway  
  20  2:34  Twilight Council  
  20  2:43  Stalker  
  22  3:11  Blink  
  22  3:31  Gateway  
  22  3:36  Gateway  
  22  3:52  Pylon  
  22  4:02  Gateway  
  22  5:12  Pylon  
  22  5:13  Probe  
  23  5:25  Probe  
  23  5:26  Pylon  
  24  5:31  Stalker x2  
  24  5:32  Stalker x2  
  24  5:33  Stalker  
  34  5:37  Probe  
  35  5:49  Probe  
  36  5:59  Sentry  
  36  6:01  Probe  
  39  6:16  Gateway  
  39  6:45  Stalker  
  39  6:46  Stalker x2  
  45  6:47  Stalker x2  
  49  7:24  Pylon  
  47  7:54  Stalker x3  
  47  7:55  Stalker x2  
  47  7:56  Stalker  
  59  8:28  Nexus  
  59  9:13  Nexus  
  59  9:28  Adept  
  59  9:29  Adept  
  63  9:48  Assimilator  
  63  9:59  Assimilator  
  63  10:00  Probe  
  64  10:12  Probe  
  61  10:24  Probe  
  62  10:37  Probe  
  63  10:49  Probe  
  64  11:12  Dark Shrine  
  64  11:24  Templar Archives  
  65  11:34  Probe (Chrono Boost)  
  65  11:39  Probe (Chrono Boost)  
  66  11:41  Probe  
  67  11:50  Probe  
  67  11:53  Probe  
  69  12:02  Probe  
  69  12:05  Assimilator, Probe  
  69  12:07  Assimilator  
  71  12:14  Probe  
  72  12:17  Probe  
  72  12:22  High Templar  
  75  12:23  High Templar x2  
  75  12:24  High Templar x2  
  75  12:25  High Templar  
  75  12:26  Probe  
  75  12:29  Probe  
  87  12:41  Probe  
  80  12:53  Probe  
  79  13:05  High Templar  
  81  13:06  Dark Templar  
  81  13:07  High Templar  
  81  13:08  Dark Templar  
  81  13:09  High Templar  
  81  13:10  Dark Templar  
  91  13:40  Psionic Storm  
  91  13:49  Shadow Stride  
  91  14:21  Stalker  
  93  14:26  Nexus  
  93  14:29  Pylon  
  93  14:31  Pylon  
  93  14:34  Pylon  
  93  14:35  Pylon  
  93  14:38  Pylon  
  93  14:40  Pylon  
  93  14:44  Pylon  
  73  14:56  Stalker  
  73  14:57  Stalker x3  
  73  14:58  Stalker  
  73  14:59  Stalker  
  85  15:23  Pylon  
  63  15:47  Stalker x3  
  63  15:48  Stalker x2  
  63  15:49  Stalker  
  57  16:27  Probe  
  58  16:39  Probe  
  59  16:47  Robotics Facility  
  59  16:51  Probe  
  60  17:04  Probe  
  61  17:15  Assimilator  
  61  17:16  Probe  
  61  17:17  Assimilator  
  62  17:28  Probe  
  63  17:41  Probe (Chrono Boost)  
  64  17:47  Pylon  
  64  17:58  Probe (Chrono Boost)  
  65  18:04  Probe  
  66  18:05  Dark Templar  
  66  18:07  Dark Templar x2  
  66  18:08  Dark Templar x3  
  66  19:14  Robotics Bay  
  66  19:18  Robotics Facility  
  66  19:31  Robotics Facility  
  66  19:56  Probe  
  67  20:08  Probe  
  68  20:20  Probe  
  69  20:22  Nexus  
  69  20:32  Probe  
  70  20:43  Colossus x3  
  70  20:44  Probe  
  89  20:57  Robotics Facility  
  89  21:17  Robotics Facility  
  89  21:36  Colossus  
  89  21:37  Colossus x2  
  107  21:48  Colossus  
  113  22:00  Probe  
  114  22:13  Probe  
  114  22:15  Probe  
  116  22:23  Assimilator  
  116  22:27  Probe (Chrono Boost)  
  116  22:29  Probe (Chrono Boost)  
  118  22:30  Colossus x3  
  118  22:36  Probe (Chrono Boost)  
  138  22:39  Probe (Chrono Boost)  
  138  22:42  Probe (Chrono Boost)  
  139  22:49  Probe  
  140  22:54  Probe  
  139  23:22  Disruptor x2  
  139  23:23  Colossus  
  139  23:24  Colossus, Disruptor  
  158  23:55  Stalker x4  
  164  23:56  Stalker  
  164  23:57  Disruptor x2  
  164  24:00  Disruptor  
  177  24:04  Pylon  
  177  24:10  Pylon  
  177  24:17  Disruptor x2  
  177  24:19  Pylon x2  
  183  24:33  Disruptor  
  150  25:14  Colossus  
  150  25:15  Colossus x4  
Tags
 
Composition
Blink Stalkers
League
Silver
Matchup
PvT
Spawn Locations
Cross Positions
Add a new tag
Caveats
  • Supply blocks, unpowered buildings, or Contaminate may cause inaccurate times.
  • Supply counts are checked every 10 seconds.